 Dungeon Crawl Stone Soup version 0.25.0-11-g1f837a76a1 (webtiles) character file.

Game seed: 10731805008220427165

240 sanka the Chiller (level 6, 0/36 HPs)
             Began as a Halfling Ice Elementalist on June 26, 2020.
             Slain by a sky beast (5 damage)
             ... on level 5 of the Dungeon on June 27, 2020.
             The game lasted 00:05:33 (3545 turns).

sanka the Chiller (Halfling Ice Elementalist)       Turns: 3545, Time: 00:05:34

Health: 0/36       AC:  3    Str:  9    XL:     6   Next: 30%
Magic:  9/9        EV: 15    Int: 15    God:
Gold:   173        SH:  0    Dex: 15    Spells: 5/9 levels left

rFire    . . .     SeeInvis .   o - +0 dagger (venom)
rCold    . . .     Gourm    .   (shield restricted)
rNeg     . . .     Faith    .   a - +0 robe
rPois    .         Spirit   .   (no helmet)
rElec    .         Reflect  .   s - +0 cloak
rCorr    .         Harm     .   (no gloves)
MR       .....                  (no boots)
Stlth    ++........             (no amulet)
HPRegen  0.12/turn              (no ring)
MPRegen  0.11/turn              (no ring)

@: no status effects
A: small, mutation resistance 1
a: no special abilities


You were on level 5 of the Dungeon.
You were not hungry.

You visited 1 branch of the dungeon, and saw 5 of its levels.

You collected 173 gold pieces.


Innate Abilities, Weirdness & Mutations

You are small and have problems with some larger weapons.
You are somewhat resistant to further mutation.


   Skills:
 - Level 2.1 Dodging
 - Level 2.1 Stealth
 - Level 2.0 Spellcasting
 + Level 7.0 Ice Magic


You had 5 spell levels left.
You knew the following spells:

 Your Spells              Type           Power        Failure   Level  Hunger
y - Frozen Ramparts       Ice            ###...       3%          3    ###....
z - Freeze                Ice            ###.         1%          1    #......

Your spell library contained the following spells:

 Spells                   Type           Power        Failure   Level  Hunger
 Ozocubu's Armour         Chrm/Ice       ##......     16%         3    ###....
 Hailstorm                Conj/Ice       ##......     45%         4    #####..
 Summon Ice Beast         Ice/Summ       ##......     45%         4    #####..

Inventory:

Hand Weapons
 j - a +0 hand axe
 o - a +0 dagger of venom (weapon)
Missiles
 e - 19 poisoned darts (quivered)
 g - 41 stones
 l - 23 sling bullets
Armour
 a - a +0 robe (worn)
 s - a +0 cloak (worn)
Scrolls
 d - 3 scrolls of teleportation {unknown}
 f - 3 scrolls of remove curse {unknown}
 h - 5 scrolls of identify {unknown}
 p - a scroll of enchant weapon {unknown}
Potions
 b - 4 potions of curing {unknown}
 i - 2 potions of stabbing {unknown}
 k - a potion of mutation {unknown}
 m - a potion of flight {unknown}
 q - a potion of might {unknown}
 r - a potion of heal wounds {unknown}
Comestibles
 c - 2 rations

Dungeon Overview and Level Annotations

Branches:
Dungeon (6/15)
 Temple: D:4-7

Altars:
Cheibriados
Dithmenos

Annotations:
D:5 Menkaure

▒▒▒..........▒ ▒........▒▒▒
▒...▒▒▒▒▒▒...▒▒▒▒.▒▒.▒.....▒
▒▒....▒......+.............▒
▒▒▒.▒.▒▒.▒...▒▒▒.▒.▒...▒▒▒.▒▒▒
▒...............).........>..▒
▒▒▒▒▒....▒▒▒▒▒▒▒▒▒....▒.▒..▒.▒
▒▒▒▒▒▒▒▒...▒ ▒▒▒.▒▒.▒▒▒▒.▒
.........▒▒▒▒▒.......▒ ▒
......Yp......▒▒▒...▒▒.▒
.......▒▒.....▒▒▒......▒
.......▒.......(...▒▒▒
.......▒......▒▒▒▒.M.▒
..............▒ ▒▒▒▒.▒
▒▒▒▒▒▒.▒▒▒▒▒▒▒▒ ▒....▒ ▒.
▒▒▒▒▒▒.▒▒▒▒▒ ▒+ .!......o.%.▒
.......)▒.▒.▒


You could see a sky beast.


Message History

The orc hits you but does no damage.
You hit the orc.
The orc is poisoned.
The orc is heavily wounded.
The orc hits you with a +0 dagger.
* * * LOW HITPOINT WARNING * * *
You closely miss the orc.
The orc is heavily wounded.
Menkaure calls on the powers of darkness!
Your body is wracked with pain!
* * * LOW HITPOINT WARNING * * *
The orc barely misses you.
Menkaure calls on the powers of darkness!
Your body is wracked with pain!
* * * LOW HITPOINT WARNING * * *
Menkaure gestures wildly while chanting.
Menkaure seems to speed up.
Your Ice Magic skill increases to level 7!
You feel a bit more experienced.
You see here 11 bolts.
You start resting.
Menkaure is too close now for your liking.
You aren't carrying any items that you can evoke.
Unknown command.
A sky beast comes into view.
You barely miss the sky beast. The sky beast hits you.
* * * LOW HITPOINT WARNING * * *
The sky beast shocks you.
You die...

Action                   |  1- 3 |  4- 6 || total
-------------------------+-------+-------++-------
Melee: Unarmed           |    31 |       ||    31
       Hand axe          |    23 |     6 ||    29
       Dagger            |       |    68 ||    68
Throw: Dart              |       |     4 ||     4
 Cast: Freeze            |    44 |    35 ||    79
       Frozen Ramparts   |       |     3 ||     3
 Stab: Sleeping          |       |     2 ||     2
  Eat: Chunk             |     3 |     7 ||    10
Armor: Robe              |    14 |     8 ||    22
Dodge: Dodged            |   107 |    67 ||   174

Levels and vault maps discovered:
D:1:      kilobyte_arrival_exit_the_forest, layout_loops_cross, serial_glass,
          glass_columns_b, glass_columns_a, glass_columns_b, glass_columns_c,
          glass_columns_c, glass_columns_c, glass_columns_b, glass_columns_c,
          minmay_tiny_reverse_x
D:2:      layout_loops_ring, kennysheep_slug_shrine, first_ration,
          minmay_tromino_mix6
D:3:      layout_basic, nicolae_dithmenos_shadow_blocks
D:5:      layout_basic, overflow_temple_1_default,
          lemuel_zombie_altar_kikubaaqudgha, uniq_menkaure, uniq_ijyb
D:6:      layout_loops_cross, moated_statue, nicolae_ru_the_path_less_chosen

Notes
Turn   | Place    | Note
-------+----------+-------------------------------------------
     0 | D:1      | sanka the Halfling Ice Elementalist began the quest for the
                  | Orb.
     0 | D:1      | Reached XP level 1. HP: 11/11 MP: 3/3
   151 | D:1      | Reached XP level 2. HP: 3/17 MP: 0/4
   590 | D:1      | Reached skill level 2 in Spellcasting
   869 | D:1      | Reached XP level 3. HP: 15/21 MP: 1/6
  1326 | D:1      | HP: 2/21 [hobgoblin/+0 club (8)]
  1598 | D:1      | Learned a level 3 spell: Frozen Ramparts
  1854 | D:2      | Reached skill level 5 in Ice Magic
  1916 | D:2      | Reached XP level 4. HP: 19/27 MP: 4/7
  2532 | D:2      | Found a snail-covered altar of Cheibriados.
  2737 | D:2      | Reached XP level 5. HP: 31/31 MP: 8/8
  2923 | D:3      | Found a shadowy altar of Dithmenos.
  2942 | D:3      | Reached skill level 6 in Ice Magic
  3223 | D:5      | Entered Level 5 of the Dungeon
  3241 | D:5      | Noticed an ogre
  3252 | D:5      | Killed an ogre
  3252 | D:5      | Reached XP level 6. HP: 12/36 MP: 3/9
  3515 | D:5      | Noticed Menkaure
  3524 | D:5      | Reached skill level 7 in Ice Magic
  3540 | D:5      | Noticed a sky beast
  3545 | D:5      | Slain by a sky beast

Vanquished Creatures
  An ogre (D:5)
  3 gnolls (D:3)
  2 adders (D:2)
  A shadow imp (D:5)
  2 oozes
  2 worms (D:2)
  5 dart slugs
  2 leopard geckos
  3 orcs
  4 giant cockroaches
  4 goblins
  7 hobgoblins
  14 jackals
  2 quokkas
  2 ball pythons
  5 bats
  3 frilled lizards
  6 kobolds
  7 rats
75 creatures vanquished.
